 Dungeon Crawl Stone Soup version 0.22-a0-348-gd16d139 (webtiles) character file.

43 xccam the Poker (level 3, 0/28 HPs)
             Began as a Gnoll Wanderer on Apr 7, 2018.
             Succumbed to an adder's poison
             ... on level 2 of the Dungeon.
             The game lasted 00:01:44 (1197 turns).

xccam the Poker (Gnoll Wanderer)                    Turns: 1197, Time: 00:01:44

Health: 0/28       AC:  2    Str: 14    XL:     3   Next: 58%
Magic:  9/9        EV: 13    Int: 21    God:
Gold:   73         SH:  0    Dex: 13    Spells: 12/12 levels left

rFire    . . .     SeeInvis .   a - +2 spear
rCold    . . .     Gourm    .   (no shield)
rNeg     . . .     Faith    .   e - +0 robe
rPois    .         Spirit   .   (no helmet)
rElec    .         Reflect  .   (no cloak)
rCorr    .         Harm     .   (no gloves)
MR       .....                  (no boots)
Stlth    ++........             (no amulet)
HPRegen  0.09/turn              (no ring)
MPRegen  0.11/turn              (no ring)

@: brilliant, lethally poisoned (0 -> -9)
A: distributed training, fangs 1, strong nose
a: no special abilities


You were on level 2 of the Dungeon.
You were not hungry.

You visited 1 branch of the dungeon, and saw 2 of its levels.

You collected 73 gold pieces.

Inventory:

Hand Weapons
 a - a +2 spear (weapon)
 d - a +0 blowgun
Missiles
 c - 9 poisoned needles
Armour
 e - a +0 robe (worn)
Jewellery
 b - an uncursed ring of positive energy {unknown}
Scrolls
 h - a scroll of immolation {unknown}
 i - a scroll of teleportation {unknown}
 j - a scroll of magic mapping {unknown}
 l - 2 scrolls of identify {unknown}
 m - a scroll of fear {unknown}
 o - a scroll of blinking {unknown}
Potions
 k - a potion of agility {unknown}
 n - a potion of cancellation {unknown}
 p - a potion of invisibility {unknown}
 q - a potion of magic {unknown}
Comestibles
 f - 2 rations
 r - a chunk of flesh


   Skills:
 + Level 2.6 Fighting
 + Level 0.8 Short Blades
 + Level 0.8 Long Blades
 + Level 0.8 Axes
 + Level 0.8 Maces & Flails
 + Level 6.5 Polearms
 + Level 0.8 Staves
 + Level 0.8 Slings
 + Level 0.8 Bows
 + Level 0.8 Crossbows
 + Level 4.5 Throwing
 + Level 0.8 Armour
 + Level 2.6 Dodging
 + Level 0.8 Stealth
 + Level 0.8 Shields
 + Level 0.8 Unarmed Combat
 + Level 5.0 Spellcasting
 + Level 0.5 Conjurations
 + Level 0.5 Hexes
 + Level 0.5 Charms
 + Level 2.1 Summonings
 + Level 0.5 Necromancy
 + Level 0.5 Translocations
 + Level 0.5 Transmutations
 + Level 0.5 Fire Magic
 + Level 0.5 Ice Magic
 + Level 0.5 Air Magic
 + Level 0.5 Earth Magic
 + Level 0.5 Poison Magic
 + Level 1.0 Invocations
 + Level 0.8 Evocations


You had 12 spell levels left.
You didn't know any spells.

Dungeon Overview and Level Annotations

Branches:
Dungeon (2/15)

Altars:


Innate Abilities, Weirdness & Mutations

Your experience applies equally to all skills.
You have very sharp teeth.
Your uncanny sense of smell can sniff out nearby items.


Message History

Why would you want to do that? Why would you want to do that?
* * * LOW HITPOINT WARNING * * *
You feel very sick. The adder closely misses you. The adder misses you.
* * * LOW HITPOINT WARNING * * *
You feel sick. The adder closely misses you.
* * * LOW HITPOINT WARNING * * *
You feel sick. The adder closely misses you. The adder barely misses you.
* * * LOW HITPOINT WARNING * * *
You feel sick. The adder closely misses you. The adder bites you.
* * * LOW HITPOINT WARNING * * *
You completely miss the adder.
The adder is moderately wounded.
* * * LOW HITPOINT WARNING * * *
You feel sick. The adder closely misses you.
The adder bites you but does no damage.
It was a potion of brilliance.
You feel clever all of a sudden.
You die...

##.# #.# ...# #.# ##########
#..# #.# #.......... #..#
#.# #......≈≈(.♣ #..# #.#
#.....≈≈≈.... #..# #.#
#....♣≈≈≈≈.≈P #..# #.#
#...≈P≈≈≈≈.≈≈ ####
####.######..♣PP≈P≈≈.≈≈
.....#..........@♣≈≈≈≈≈≈≈.≈≈
......†...######≈S≈≈≈≈≈≈≈.≈≈
..........# #♣♣≈≈≈≈≈≈≈.≈≈
..........# ♣≈≈≈≈≈≈≈.≈≈
..........# ♣♣♣≈≈≈≈≈.≈P
.........## ♣≈≈≈≈P.≈≈
.......... ♣♣≈≈≈≈.≈≈
.....##### ≈≈≈≈.≈≈ ..... ∆
♣≈PP.≈≈


You could see an adder.

Vanquished Creatures
  2 adders (D:2)
  A dart slug (D:1)
  A leopard gecko (D:1)
  3 bats (D:1)
  A giant cockroach (D:1)
  3 goblins
  4 hobgoblins
  3 kobolds (D:1)
  A quokka (D:2)
  3 rats
22 creatures vanquished.

Notes
Turn   | Place    | Note
-------+----------+-------------------------------------------
     0 | D:1      | xccam the Gnoll Wanderer began the quest for the Orb.
     0 | D:1      | xccam set off with: a +2 spear, 9 poisoned needles, a +0 blowgun, a +0 robe, a ration
     0 | D:1      | Reached XP level 1. HP: 17/17 MP: 6/6
   237 | D:1      | Reached XP level 2. HP: 23/23 MP: 7/7
  1075 | D:2      | Reached skill level 5 in Spellcasting
  1075 | D:2      | Reached XP level 3. HP: 23/28 MP: 7/9
  1162 | D:2      | Reached skill level 1 in Invocations
  1194 | D:2      | HP: 1/28 [adder (2)]
  1197 | D:2      | Succumbed to an adder's poison

Vault maps used:
D:1:      arrival_zaba_pyramid
D:2:      first_ration, serial_bayou_lagoon_b

Skill      XL: |  1  2  3 |
---------------+----------+-----
Summonings     | 2 |  2.1
Spellcasting   | 5 |  5.0
Invocations    | 1 |  1.0
Fighting       | |  2.6
Short Blades   | |  0.8
Long Blades    | |  0.8
Axes           | |  0.8
Maces & Flails | |  0.8
Polearms       | |  6.5
Staves         | |  0.8
Slings         | |  0.8
Bows           | |  0.8
Crossbows      | |  0.8
Throwing       | |  4.5
Armour         | |  0.8
Dodging        | |  2.6
Stealth        | |  0.8
Shields        | |  0.8
Unarmed Combat | |  0.8
Conjurations   | |  0.5
Hexes          | |  0.5
Charms         | |  0.5
Necromancy     | |  0.5
Translocations | |  0.5
Transmutations | |  0.5
Fire Magic     | |  0.5
Ice Magic      | |  0.5
Air Magic      | |  0.5
Earth Magic    | |  0.5
Poison Magic   | |  0.5
Evocations     | |  0.8

Action                   || total
-------------------------++-------
Melee: Spear             ||    77
       Bite              ||     4
  Use: Potion            ||     1
 Stab: Sleeping          ||     4
  Eat: Chunk             ||     1
Armor: Robe              ||     7
Dodge: Dodged            ||    37

Table legend:
 A = Spawn XP
 B = Non-spawn XP
 C = Spawn XP percentage of total XP
 D = Spawn monster count
 E = Non-spawn monster count
 F = Spawn count percentage of total count
 G = Total turns spent on level
                    A         B        C        D         E        F      G
               +---------+---------+-------+---------+---------+-------+---------
         Total |       0 |      62 |   0.0 |       0 |      22 |   0.0 |  1197
               +---------+---------+-------+---------+---------+-------+---------
           D:1 |       0 |      28 |   0.0 |       0 |      15 |   0.0 |   993
           D:2 |       0 |      34 |   0.0 |       0 |       7 |   0.0 |   204
               +---------+---------+-------+---------+---------+-------+---------
